 Dungeon Crawl Stone Soup version 0.27-a0-906-g0a00ce863d (webtiles) character file.

Game seed: 14976255351339184721

69 Lanoc the Chiller (level 4, -1/30 HPs)
             Began as a Barachi Ice Elementalist on Apr 7, 2021.
             Was a Follower of Fedhas.
             Killed by Freeze
             ... generated by an endoplasm
              (2 damage)
             ... on level 3 of the Dungeon.
             The game lasted 00:03:19 (2872 turns).

Lanoc the Chiller (Barachi Ice Elementalist)        Turns: 2872, Time: 00:03:20

Health: -1/30      AC:  2    Str:  9    XL:     4   Next: 20%
Magic:  4/7        EV: 13    Int: 17    God:    Fedhas [*.....]
Gold:   35         SH:  0    Dex: 18    Spells: 3/7 levels left

rFire    . . .     SeeInvis .   c - +0 dagger
rCold    . . .     Faith    .   (no shield)
rNeg     . . .     Spirit   .   a - +0 robe
rPois    .         Reflect  .   (no helmet)
rElec    .         Harm     .   (no cloak)
rCorr    .         Rampage  .   (no gloves)
Will     .....                  (no boots)
Stlth    ++........             (no amulet)
HPRegen  0.10/turn              i - +6 ring of dexterity
MPRegen  0.10/turn              (no ring)

@: mighty, lethally poisoned (-1 -> -3), flying, very slightly contaminated,
slow
A: +LOS, amphibious, slowness 1, strong legs 1
a: Hop, Renounce Religion


You were on level 3 of the Dungeon.
You worshipped Fedhas.
Fedhas was aware of your devotion.
You visited 1 branch of the dungeon, and saw 3 of its levels.

You collected 59 gold pieces.
You spent 24 gold pieces at shops.

Inventory:

Hand Weapons
 c - a +0 dagger (weapon)
Armour
 a - a +0 robe (worn)
Jewellery
 i - a +6 ring of dexterity (left hand)
Scrolls
 b - 2 scrolls of acquirement {unknown}
 f - 3 scrolls of identify {unknown}
 g - a scroll of amnesia {unknown}
 j - a scroll of holy word {unknown}
 k - a scroll of noise {unknown}
Potions
 h - a potion of heal wounds {unknown}


   Skills:
 + Level 3.2 Dodging
 - Level 1.7 Stealth
 - Level 2.1 Spellcasting
 * Level 6.2 Ice Magic


You had 3 spell levels left.
You knew the following spells:

 Your Spells              Type           Power      Damage    Failure   Level
a - Freeze                Ice            92%        1d10      1%          1
b - Frozen Ramparts       Ice            46%        1d6       4%          3

Your spell library contained the following spells:

 Spells                   Type           Power      Damage    Failure   Level
 Ozocubu's Armour         Ice            23%        N/A       4%          3
 Hailstorm                Conj/Ice       12%        3d5       45%         4
 Summon Ice Beast         Ice/Summ       12%        N/A       45%         4


Dungeon Overview and Level Annotations

Branches:
Dungeon (3/15)

Altars:
Fedhas

Shops:
D:1 *


Innate Abilities, Weirdness & Mutations

You can be seen from farther away. (+LOS)
You are amphibious.
You cover ground slowly.
You can hop short distances.


Message History

Press: ? - help, Shift-Dir - straight line, f - orc
Aim: an orc, wielding a +2 dagger of venom and quivering boomerangs (lightly wounded)
You freeze the orc.
The orc is heavily wounded.
The orc misses you.
Casting: Freeze (safe; 1% risk of failure)
Confirm with . or Enter, or press ? or * to list all spells.
Aiming: Freeze (safe; 1% risk of failure)
Press: ? - help, Shift-Dir - straight line, f/p - orc
Aim: an orc, wielding a +2 dagger of venom and quivering boomerangs (heavily wounded)
You miscast Freeze.
You are very lightly contaminated with residual magic.
Nothing appears to happen.
The orc hits you with a +2 dagger of venom.
* * * LOW HITPOINT WARNING * * *
You are poisoned.
Casting: Freeze (safe; 1% risk of failure)
Confirm with . or Enter, or press ? or * to list all spells.
Aiming: Freeze (safe; 1% risk of failure)
Press: ? - help, Shift-Dir - straight line, f/p - orc
Aim: an orc, wielding a +2 dagger of venom and quivering boomerangs (heavily wounded)
You freeze the orc.
You kill the orc!
Fedhas appreciates your contribution to the ecosystem.
* * * LOW HITPOINT WARNING * * *
You feel sick.
It was a potion of flight.
You feel very buoyant.
You fly up into the air.
* * * LOW HITPOINT WARNING * * *
You feel sick. The endoplasm hits you.
* * * LOW HITPOINT WARNING * * *
It was a potion of might.
You feel very mighty all of a sudden.
* * * LOW HITPOINT WARNING * * *
You feel sick. The endoplasm freezes you.
You are frozen.
You die...
Fedhas appreciates your contribution to the ecosystem.

#.......#
#.########.
#.#######
#.......... #.#
#.# #..########
#.# #.# #..# #.#
#.#########..# ...
#............# #
#J# ###########.##
#.#.# #.# #.#.##
#@##### #...$.
#.Jo..#########.##
#####........##...
########..))..
#######


You could see an orc and an endoplasm.

Vanquished Creatures
  A gnoll (D:1)
  3 orcs (D:3)
  4 ball pythons
  4 endoplasms (D:1)
  4 giant cockroaches
  3 hobgoblins
  4 jackals (D:1)
  4 kobolds
  5 quokkas
  7 bats
  4 goblins
  7 rats
50 creatures vanquished.

Vanquished Creatures (others)
  5 plants (D:2)
5 creatures vanquished.

Grand Total: 55 creatures vanquished

Notes
Turn   | Place    | Note
-------+----------+-------------------------------------------
     0 | D:1      | Lanoc the Barachi Ice Elementalist began the quest for the
                  | Orb.
     0 | D:1      | Reached XP level 1. HP: 13/13 MP: 3/3
   420 | D:1      | Reached skill level 5 in Ice Magic
   420 | D:1      | Reached XP level 2. HP: 10/19 MP: 1/5
   894 | D:1      | Reached XP level 3. HP: 24/24 MP: 4/6
   898 | D:1      | Learned a level 3 spell: Frozen Ramparts
  1025 | D:1      | Found Vannih's Assorted Antiques.
  1029 | D:1      | Bought an orange potion for 24 gold pieces
  1868 | D:2      | Found a faded altar of an unknown god.
  1876 | D:2      | Became a worshipper of Fedhas Madash
  1876 | D:2      | Reached * piety under Fedhas
  1938 | D:2      | Reached skill level 6 in Ice Magic
  2452 | D:2      | Reached XP level 4. HP: 30/30 MP: 5/7
  2871 | D:3      | HP: 1/30 [endoplasm (2)]
  2872 | D:3      | Killed from afar by an endoplasm

Illustrated notes

Levels and vault maps discovered:
D:1:      elethiomel_arrival_maze, layout_rooms, serial_shops,
          nicolae_shop_behind_doors, minmay_tall_x
D:2:      layout_basic, basic_ecumenical_altar, serial_forest,
          infiniplex_forest_split, infiniplex_forest_clump_cross,
          infiniplex_forest_lined_2, infiniplex_forest_clump_tiny,
          infiniplex_forest_zigzag_1, infiniplex_forest_end_2,
          infiniplex_forest_end_double, infiniplex_forest_clump_double
D:3:      layout_loops_ring

Skill      XL: |  1  2  3 |
---------------+----------+-----
Ice Magic      | 5 6 |  6.2
Dodging        | 3 |  3.2
Stealth        | |  1.7
Spellcasting   | |  2.1

Action                   |  1- 3 |  4- 6 || total
-------------------------+-------+-------++-------
Melee: Unarmed           |     2 |       ||     2
       Dagger            |    42 |     3 ||    45
 Cast: Freeze            |    58 |    10 ||    68
 Abil: Hop               |     1 |       ||     1
  Use: Potion            |       |     2 ||     2
 Stab: Distracted        |     1 |       ||     1
Armor: Robe              |    19 |     2 ||    21
Dodge: Dodged            |    84 |    10 ||    94

Table legend: (Time is in decaauts)
 A = Elapsed time spent in this place.
 B = Non-inter-level travel time spent in this place.
 C = Inter-level travel time spent in this place.
 D = Time resting spent in this place.
 E = Time spent auto-exploring this place.
 F = Levels seen in this place.
 G = Mean time per level.
                   A        B        C        D        E       F      G
               +--------+--------+--------+--------+--------+-----+--------+
         Total |   3192 |   3171 |     21 |     21 |   2776 |   3 | 1064.0 |
       Dungeon |   3192 |   3171 |     21 |     21 |   2776 |   3 | 1064.0 |
               +--------+--------+--------+--------+--------+-----+--------+

Top non-repeatable levels by time:
     D:1: 2008 daAuts
     D:2: 833 daAuts
     D:3: 349 daAuts
